 Dungeon Crawl Stone Soup version 0.29-a0-469-gd254ca66d9 (webtiles) character file.

Game seed: 14289055923656863217

76 Bruhh the Ogre Mage (level 4, -9/39 HPs)
             Began as an Ogre Air Elementalist on May 22, 2022.
             Mangled by Crazy Yiuf
             ... wielding a +3 quarterstaff of chaos
              (13 damage)
             ... on level 2 of the Dungeon.
             The game lasted 00:02:21 (2849 turns).

Bruhh the Ogre Mage (Ogre Air Elementalist)         Turns: 2849, Time: 00:02:22

Health: -9/39      AC:  3    Str: 14    XL:     4   Next: 32%
Magic:  9/9        EV:  9    Int: 18    God:
Gold:   93         SH:  0    Dex:  9    Spells: 7/10 levels left

rFire   . . .      SeeInvis .   q - +7 mace "Omich" {spect, rElec Str+2}
rCold   . . .      Faith    .   (no shield)
rNeg    . . .      Spirit   .   a - +0 robe
rPois   .          Reflect  .   (helmet restricted)
rElec   +          Harm     .   (no cloak)
rCorr   .          Rampage  .   (gloves unavailable)
Will    .....                   (boots unavailable)
Stlth   +.........              (no amulet)
HPRegen 0.13/turn               (no ring)
MPRegen 0.11/turn               (no ring)

@: lethally poisoned (-9 -> -47), hasted, very quick
A: large, unfitting armour, tough skin 1
a: no special abilities


You were on level 2 of the Dungeon.
You visited 1 branch of the dungeon, and saw 2 of its levels.

You collected 93 gold pieces.

Inventory:

Hand Weapons
 c - a +1 mace of holy wrath
 o - a +1 whip of electrocution
 q - the +7 mace "Omich" (weapon) {spect, rElec Str+2}
   (You found it on level 2 of the Dungeon)

   When its wielder attacks, the weapon's spirit leaps out and strikes again.
   The spirit shares a part of any damage it takes with its wielder.
   Str:       It affects your strength (+2).
   rElec:     It insulates you from electricity.
Armour
 a - a +0 robe (worn)
Scrolls
 e - 3 scrolls of identify {unknown}
 f - a scroll of teleportation {unknown}
 g - 3 scrolls of fear {unknown}
 h - 4 scrolls of enchant armour {unknown}
 m - a scroll of torment {unknown}
 n - 3 scrolls of vulnerability {unknown}
Potions
 b - a potion of magic
 d - a potion of invisibility {unknown}
 i - a potion of mutation {unknown}
 j - a potion of heal wounds {unknown}
 k - 2 potions of haste
 l - a potion of degeneration {unknown}
 p - a potion of curing {unknown}


   Skills:
 - Level 1.7 Dodging
 - Level 1.4 Stealth
 + Level 3.8 Spellcasting
 + Level 2.4 Conjurations
 - Level 3.0 Air Magic


You had 7 spell levels left.
You knew the following spells:

 Your Spells              Type           Power      Damage    Failure   Level
a - Shock                 Conj/Air       52%        1d6       4%          1
b - Static Discharge      Conj/Air       13%        N/A       8%          2

Your spell library contained the following spells:

 Spells                   Type           Power      Damage    Failure   Level
 Swiftness                Air            14%        N/A       13%         3
 Airstrike                Air            7%         N/A       41%         4


Dungeon Overview and Level Annotations

Branches:
Dungeon (2/15)

Altars:

Annotations:
D:2 Crazy Yiuf


Innate Abilities, Weirdness & Mutations

You are too large for most types of armour.
You have tough skin. (AC +1)


Message History

The endoplasm is almost dead.
Your +7 mace "Omich" {spect, rElec Str+2} hits the endoplasm.
You kill the endoplasm!
No target in view!
Memorise Static Discharge, consuming 2 spell levels and leaving 7?
You start memorising the spell.
You continue memorising. x2
You finish memorising.
Spell assigned to 'b'.
You see here a +0 dagger.
There is an open door here.
There is a stone staircase leading down here.
You open the door.
There is an open door here.
There is an open door here.
There is a stone staircase leading up here.
There is an open door, spattered with blood here.
There is an open door here.
You see here 2 javelins.
You now have 93 gold pieces (gained 10).
Key pressed, stopping explore.
There is an open door here.
There is an open door, spattered with blood here.
There is a stone staircase leading up here.
Crazy Yiuf shouts!
Could not explore, unopened runed door.
You open the door. You closely miss Crazy Yiuf. Crazy Yiuf closely misses you.
You hit Crazy Yiuf but do no damage.
Crazy Yiuf hits you with a +3 quarterstaff of chaos!
You are poisoned.
Crazy Yiuf hits you with a +3 quarterstaff of chaos!
You are more poisoned.
You are too injured to fight recklessly!
You are too injured to fight recklessly!
You are too injured to fight recklessly!
Unknown command.
It was a potion of haste.
You feel yourself speed up.
* * * LOW HITPOINT WARNING * * *
You feel extremely sick.
Crazy Yiuf hits you with a +3 quarterstaff of chaos!
You die...

#.#####..####....#
#.# #..# ##..##
#.#####..# ♣P..P♣
#.>......# ♣.PP♣♣
#######<## ♣♣.♣♣
#.# ♣.♣♣ #.# ♣♣.♣
#.# ♣.♣♣ ##.##
♣♣@♣ ##...## #g#
### #.....# ...
..# ##....# #...#
#.######..## #..)#
..........# #####
#.######.## ###
##'## ### #
##...## #.#


You could see Crazy Yiuf.

Vanquished Creatures
  4 adders (D:2)
  A dart slug (D:2)
  3 ball pythons
  8 endoplasms
  3 giant cockroaches (D:2)
  3 goblins (D:2)
  2 hobgoblins (D:1)
  5 jackals (D:2)
  A quokka (D:2)
  A bat (D:1)
  A frilled lizard (D:1)
  A kobold (D:1)
33 creatures vanquished.

Notes
Turn   | Place    | Note
-------+----------+-------------------------------------------
     0 | D:1      | Bruhh the Ogre Air Elementalist began the quest for the
                  | Orb.
     0 | D:1      | Reached XP level 1. HP: 16/16 MP: 3/3
   245 | D:1      | Reached skill level 1 in Conjurations
   706 | D:1      | Reached XP level 2. HP: 24/24 MP: 1/5
   785 | D:1      | Found a faded altar of an unknown god.
  1412 | D:2      | Reached XP level 3. HP: 27/31 MP: 2/7
  2378 | D:2      | Identified the +7 mace "Omich" {spect, rElec Str+2}
  2485 | D:2      | Reached XP level 4. HP: 39/39 MP: 9/9
  2571 | D:2      | Found a runed translucent door.
  2572 | D:2      | Noticed Crazy Yiuf
  2604 | D:2      | Learned a level 2 spell: Static Discharge
  2849 | D:2      | Mangled by Crazy Yiuf

Illustrated notes

Levels and vault maps discovered:
D:1:      minmay_arrival_shoal_huts, layout_loops_corners,
          ebering_ecumenical_altar_petrified
D:2:      layout_loops_corners, uniq_crazy_yiuf_cottage

Skill      XL: |  1  2  3 |
---------------+----------+-----
Conjurations   | 1 2 |  2.4
Air Magic      | 3 |  3.0
Spellcasting   | 3 |  3.8
Dodging        | |  1.7
Stealth        | |  1.4

Action                   |  1- 3 |  4- 6 || total
-------------------------+-------+-------++-------
Melee: Mace              |    36 |     9 ||    45
       Whip              |     9 |       ||     9
 Cast: Shock             |    41 |       ||    41
  Use: Potion            |       |     1 ||     1
Armor: Robe              |    20 |     3 ||    23
Dodge: Dodged            |    37 |     2 ||    39

Table legend: (Time is in decaauts)
 A = Elapsed time spent in this place.
 B = Non-inter-level travel time spent in this place.
 C = Inter-level travel time spent in this place.
 D = Time resting spent in this place.
 E = Time spent auto-exploring this place.
 F = Levels seen in this place.
 G = Mean time per level.
                   A        B        C        D        E       F      G
               +--------+--------+--------+--------+--------+-----+--------+
         Total |   2870 |   2824 |     46 |    437 |   2114 |   2 | 1435.0 |
       Dungeon |   2870 |   2824 |     46 |    437 |   2114 |   2 | 1435.0 |
               +--------+--------+--------+--------+--------+-----+--------+

Top non-repeatable levels by time:
     D:1: 1583 daAuts
     D:2: 1286 daAuts
